cohdb
Replays
Latest Replays
All Replays
Popular Replays
Top Player Replays
Match Explorer
How It Works
Community
CoH3 Stats
Reddit
Sign in to upload your games and track your stats! →
Sign in with Steam
Match 44349493
Unlisted
Match 44349493
Overview
Messages
Build Orders
End
Royal Engineer Section
Construct Section Command Post
Selects Canadian Shock Battlegroup
Dingo Light Scout Car
Infantry Section
Infantry Section
Royal Engineer Section
Selects Attacking Spirit
Selects Canadian Shock Section
Grenade Package
Construct Platoon Command Post
Selects Incendiary Munitions
Humber Armored Car
Infantry Training
Selects Pyrotechnics
Vickers Machine Gun Team
Infantry Section
Canadian Shock Section
Bootyquake
Jeckings
0
0
Comments
sign in to comment!
No comments posted yet!